Map: Orbital Shipyard

Players

SkeeIsMe - Winner!

  • Race: Terran Terran
  • League: Silver

A.I. 1 (Very Easy)

  • Race: Terran Terran

VOD

Have the link to the VOD?

Description

polts reaper FE with 4 reapers into tank medi push

Time

  • Played on: May 30, 2016, 4:37 a.m.
  • Length: 8:32
Show
View Real Time Build Order
Export as new Build Order

SkeeIsMe Terran - Winner!

Build Orders: MMM Bio 

Get SALT Encoding   

  12  0:01  SCV  
  13  0:13  SCV  
  14  0:18  Supply Depot  
  14  0:25  SCV  
  15  0:40  Barracks  
  15  0:43  Refinery  
  15  0:44  SCV  
  16  0:56  Barracks  
  16  1:01  SCV  
  17  1:14  SCV  
  18  1:27  Orbital Command  
  18  1:29  Reaper  
  18  1:31  Supply Depot  
  19  1:45  Reaper  
  20  1:48  Refinery  
  20  1:53  SCV  
  21  2:05  Reaper, SCV  
  23  2:19  Reaper  
  23  2:22  Command Center  
  24  2:42  Factory  
  24  2:48  SCV  
  24  2:49  Supply Depot  
  25  2:52  Barracks Reactor  
  25  3:04  SCV  
  25  3:05  Barracks Tech Lab  
  26  3:16  SCV  
  27  3:29  Marine x3  
  30  3:36  Stimpack  
  30  3:37  Orbital Command  
  30  3:48  Marine x3  
  31  3:52  Starport  
  31  3:53  Factory Tech Lab  
  33  4:00  Refinery  
  33  4:04  SCV  
  33  4:06  Marine x3, SCV  
  38  4:11  Siege Tank  
  41  4:17  SCV  
  41  4:21  Supply Depot  
  42  4:28  Viking  
  44  4:34  Marine  
  44  4:35  Marine x2  
  47  4:41  Supply Depot  
  47  4:44  Engineering Bay  
  47  4:48  Siege Tank  
  50  4:58  Medivac  
  50  4:59  Marine x2  
  54  5:00  Marine  
  54  5:06  Supply Depot  
  55  5:11  Missile Turret  
  55  5:15  Missile Turret  
  55  5:24  Siege Tank  
  58  5:30  Medivac  
  60  5:36  Marine x2  
  60  5:37  Marine  
  60  5:41  Combat Shields  
  63  5:46  Terran Infantry Weapons Level 1  
  63  5:49  SCV  
  64  5:51  SCV  
  65  6:13  SCV x2  
  65  7:00  Marine x2  
  69  7:01  Siege Tank, Marauder  
  69  7:02  Medivac  
  74  7:18  Marine  
  74  7:20  Marine  
  78  7:22  Marauder  
  78  7:31  Supply Depot x2  
  78  7:35  Supply Depot  
  78  7:44  Command Center  
  78  7:52  Marine x2, Medivac  
  78  7:53  Siege Tank, Marauder, SCV x2  
  89  8:05  SCV  
  90  8:10  Marine  
  91  8:14  SCV  
  91  8:17  SCV  
Show
View Real Time Build Order
Export as new Build Order

A.I. 1 (Very Easy) Terran 

Build Orders: Reaper Expand 

Get SALT Encoding   

  12  0:00  SCV  
  13  0:13  SCV  
  14  0:19  Supply Depot  
  14  0:46  Barracks  
  14  1:05  Command Center  
  14  1:30  Supply Depot  
  14  1:34  Orbital Command  
  14  1:35  Marine  
  14  1:37  Refinery  
  15  1:49  Refinery  
  15  2:00  SCV  
  16  2:12  SCV  
  17  2:17  SCV  
  17  2:18  Reaper  
  19  2:24  SCV  
  20  2:32  SCV  
  21  2:39  SCV  
  22  2:45  Refinery  
  22  2:46  SCV  
  23  2:53  SCV  
  24  3:00  SCV  
  25  3:07  Marine, SCV  
  27  3:15  SCV  
  28  3:22  SCV  
  28  3:24  Factory  
  29  3:46  Refinery  
  29  3:47  SCV  
  30  3:55  SCV  
  31  3:57  Marine  
  31  3:58  Supply Depot  
  31  4:02  SCV  
  33  4:09  SCV  
  34  4:13  Starport  
  34  4:16  Barracks Tech Lab, SCV  
  35  4:23  SCV  
  36  4:31  SCV  
  37  4:33  Supply Depot  
  37  4:38  SCV  
  38  4:45  SCV  
  39  4:46  Marauder  
  39  4:49  Starport Tech Lab  
  39  4:52  SCV  
  42  4:59  SCV  
  43  5:06  SCV  
  43  5:07  Raven  
  44  5:13  SCV  
  47  5:21  SCV  
  48  5:35  Marine  
  49  5:49  Raven  
  51  6:25  Marine  
  51  6:52  Raven  
  42  7:03  Hellion  
  42  7:04  Supply Depot  
  44  7:12  SCV  
  39  7:19  SCV  
  31  7:26  SCV  
  25  7:34  SCV  
  25  7:35  Raven  
  20  7:48  SCV  
  17  8:00  SCV  
Tags
 
Composition
MMM Bio
League
Silver
Matchup
TvT
Race
Terran
Add a new tag
Caveats
  • Supply blocks, unpowered buildings, or Contaminate may cause inaccurate times.
  • Supply counts are checked every 10 seconds.